 Dungeon Crawl Stone Soup version 0.32-a0-841-g4648e6c457 (webtiles) character file.

Game seed: 9932192442649807480

72 Maxmaps the Changeling (level 4, -5/46 HPs)
             Began as an Octopode Shapeshifter on Mar 26, 2024.
             Slain by an orc wizard
             ... wielding a +2 dagger of electrocution
              (17 damage)
             ... on level 3 of the Dungeon.
             The game lasted 00:02:49 (1567 turns).

Maxmaps the Changeling (Octopode Shapeshifter)      Turns: 1567, Time: 00:02:50

Health: -5/46      AC: 22    Str: 13    XL:     4   Next: 25%
Magic:  4/4        EV:  2    Int: 14    God:
Gold:   141        SH:  5    Dex: 11    Spells: 3/3 levels left

rFire   + . .        m - +0 whip (elec)
rCold   . . .        f - +2 buckler
rNeg    . . .        (helmet currently unavailable)
rPois   +            (no amulet)
rElec   .            d - ring of protection from fire
rCorr   .            (no ring)
SInv    .            (no ring)
Will    .....        (no ring)
Stlth   +            (no ring)
HPRegen 0.27/turn    (no ring)
MPRegen 0.09/turn    (no ring)
                     (no ring)

%: no passive effects
@: tree-form
A: stationary, stasis, torment immunity, boosted hp, almost no armour,
(amphibious), 8 rings, (camouflage 1), (gelatinous body 1), (nimble swimmer 1),
(tentacles)
a: Convert to Beogh


You were on level 3 of the Dungeon.
You were a tree.
You visited 1 branch of the dungeon, and saw 3 of its levels.

You collected 141 gold pieces.

Inventory:

Hand Weapons
 m - a +0 whip of electrocution (weapon)
Armour
 f - a +2 buckler (worn)
Jewellery
 d - a ring of protection from fire (left branch)
Talismans
 b - a beast talisman (active)
 c - a flux talisman
Scrolls
 e - 2 scrolls of fear {unknown}
 h - 3 scrolls of identify {unknown}
 j - a scroll of butterflies {unknown}
 l - a scroll of vulnerability {unknown}
Potions
 g - a potion of heal wounds {unknown}
 i - a potion of ambrosia {unknown}
 k - 2 potions of berserk rage {unknown}


   Skills:
 - Level 3.2 Fighting
 + Level 0.8 Maces & Flails
 - Level 2.1 Dodging
 - Level 3.1 Unarmed Combat
 - Level 3.2 Shapeshifting


You had 3 spell levels left.
You didn't know any spells.
Your spell library was empty.

Dungeon Overview and Level Annotations

Branches:
Dungeon (3/15)

Altars:

Shops:
D:1 =


Innate Abilities, Weirdness & Mutations

You are a tree.
Your roots penetrate the ground, keeping you stationary.
You cannot be teleported.
You are immune to unholy pain and torment.
Your maximum health is greatly increased.
You cannot wear most types of armour.
((You are amphibious.))
You can wear up to eight rings at the same time.
((Your skin changes colour to match your surroundings (Stealth+).))
((Your rubbery body absorbs attacks. (AC +1, EV +1)))
((You are camouflaged when in or above water. (Stealth+)))
((You have tentacles for arms and can constrict up to eight enemies at once.))


Message History

You now have 141 gold pieces (gained 15).
h - 3 scrolls labelled KUSUWAER SAICI (gained 1)
Found a sling.
Found a chain mail.
No target in view!
An orc wizard comes into view.
It is wielding a +2 dagger of electrocution.
Found a stone staircase leading down.
You see here 10 gold pieces.
An orc wizard comes into view. It is wielding a +1 dagger of freezing.
The orc wizard shouts!
You hear a shout! x2; The orc wizard shouts!
An orc priest comes into view. It is wielding a +0 falchion.
An orc comes into view. It is wielding a +0 club.
The orc shouts!
The orc wizard gestures at you while chanting.
You resist with some effort.
You hit the orc wizard. Your grab misses the orc wizard.
Your squeeze misses the orc wizard.
The orc wizard is moderately wounded.
The orc wizard hits you with a +2 dagger of electrocution.
You are electrocuted!
Ouch! That really hurt!
You block the orc wizard's attack.
The orc wizard hits you with a +2 dagger of electrocution.
* * * LOW HITPOINT WARNING * * *
The orc priest threatens, "Beogh's wrath is as vast as their mercy.
Make your choice!" (press Y on the ability menu to convert to Beogh)
The orc wizard mumbles some strange words.
The orc wizard flickers and vanishes!
Deactivating autopickup; reactivate with Ctrl-A.
The orc priest mumbles some strange prayers to Beogh against you.
The orc wizard gestures at you while chanting.
You are confused.
Your transformation has ended.
You turn into a tree.
Your roots penetrate the ground.
You swing at nothing.
You attack the rock wall.
You attack the rock wall.
You feel less confused. Something hits you but does no damage.
You are electrocuted!
You die...

#..###+## .. #..#....#
.#.# .#### #..#....#
.#.# .[.## #..#....#
....#####.)###..#o...#
#...............#o...#
..# #.#....##...{...#
..# #.#....$..o###..#
..# #.#....#...♣....#
..####.#....#..####..#
.......#....##.# #
............##>#
#.####.##....... #.##
#.####.#.... ...# #.#
#.#.### #..###.# .# #
#......####.#


You could see an orc priest.

Vanquished Creatures
  2 adders
  3 dart slugs (D:1)
  2 ribbon worms (D:2)
  4 endoplasms
  6 goblins
  4 hobgoblins
  4 quokkas
  3 ball pythons
  3 bats
  2 frilled lizards (D:1)
  3 kobolds
  8 rats
44 creatures vanquished.

Notes
Turn   | Place    | Note
-------+----------+-------------------------------------------
     0 | D:1      | Maxmaps the Octopode Shapeshifter began the quest for the
                  | Orb.
     0 | D:1      | Reached XP level 1. HP: 13/13 MP: 1/1
    51 | D:1      | You fall into a shaft and drop 1 floor!
   113 | D:2      | Reached XP level 2. HP: 10/18 MP: 2/2
   581 | D:1      | Reached XP level 3. HP: 24/24 MP: 3/3
   875 | D:1      | Found Vuqyx's Jewellery Shoppe.
  1284 | D:2      | Reached XP level 4. HP: 31/31 MP: 4/4
  1567 | D:3      | Slain by an orc wizard

Illustrated notes

Levels and vault maps discovered:
D:1:      dpeg_arrival_shelter, layout_basic, serial_shops,
          nicolae_shop_gibbet_a_chance, minmay_ruptured
D:2:      layout_loops_ring
D:3:      layout_basic, serial_shops, nicolae_shop_tiny_real_fake_doors

Skill      XL: |  1  2  3 |
---------------+----------+-----
Fighting       | 2 3 |  3.2
Maces & Flails | |  0.8
Dodging        | |  2.1
Unarmed Combat | |  3.1
Shapeshifting  | |  3.2

Action                     |  1- 3 |  4- 6 || total
---------------------------+-------+-------++-------
  Melee: Unarmed           |    60 |       ||    60
         Constrict         |    15 |     2 ||    17
         Tentacles         |    11 |     2 ||    13
         Punch             |     1 |       ||     1
         Whip              |       |    12 ||    12
    Use: Potion            |       |     1 ||     1
   Stab: Sleeping          |    12 |     1 ||    13
 Armour: Skin              |    17 |     6 ||    23
  Dodge: Dodged            |    23 |     5 ||    28
  Block: Buckler           |     7 |     5 ||    12

Table legend: (Time is in decaauts)
 A = Elapsed time spent in this place.
 B = Non-inter-level travel time spent in this place.
 C = Inter-level travel time spent in this place.
 D = Time resting spent in this place.
 E = Time spent auto-exploring this place.
 F = Levels seen in this place.
 G = Mean time per level.
                   A        B        C        D        E       F      G
               +--------+--------+--------+--------+--------+-----+--------+
         Total |   1566 |   1446 |    120 |      0 |   1177 |   3 |  522.0 |
       Dungeon |   1566 |   1446 |    120 |      0 |   1177 |   3 |  522.0 |
               +--------+--------+--------+--------+--------+-----+--------+

Top non-repeatable levels by time:
     D:1: 763 daAuts
     D:2: 725 daAuts
     D:3: 78 daAuts
